BSA
SAN FRANCISCO BANDITS @ JERSEY SHORE D-BAGS
07/01/2028
 
TOP OF THE 1ST
San Francisco Bandits batting - Pitching for Jersey Shore D-Bags : RHP Roland Martin
Pitching: RHP Roland Martin
Batting: RHB Raúl Bruno 0-0: Foul Ball, location: 2F
0-1: Ball
1-1: Foul Ball, location: 2F
1-2: Ball
2-2: Strikes out swinging
Batting: LHB Seung-woo Yi 0-0: Foul Ball, location: 2F
0-1: Called Strike
0-2: Strikes out looking
Batting: RHB Owen Carter 0-0: Called Strike
0-1: Called Strike
0-2: Fly out, F6 (Popup, 6MS)
Top of the 1st over - 0 run(s), 0 hit(s), 0 error(s), 0 left on base; San Francisco 0 - Jersey Shore 0
BOTTOM OF THE 1ST
Jersey Shore D-Bags batting - Pitching for San Francisco Bandits : RHP Fernando Llama
Pitching: RHP Fernando Llama
Batting: LHB Ed Murray 0-0: Ball
1-0: SINGLE (Line Drive, 9LS)
Batting: RHB Millard Boyd 0-0: Called Strike
0-1: Foul Ball, location: 2F
0-2: Ball
1-2: SINGLE (Line Drive, 8LS)
Ed Murray to second
Batting: LHB Dave Dodd 0-0: Foul Ball, location: 2F
0-1: Ball
1-1: SINGLE (Line Drive, 6)
Ed Murray to third
Millard Boyd to second
Runner from 3rd tries for Home, throw and OUT!
Millard Boyd to third
Dave Dodd to second
Batting: RHB Miguel Serna 0-0: Called Strike
0-1: Ball
1-1: Ground out 4-3 (Groundball, 4D)
Millard Boyd scores
Dave Dodd to third
Batting: LHB Pat Zimmerman 0-0: Ball
1-0: Ground out 5-3 (Groundball, 56)
Bottom of the 1st over - 1 run(s), 3 hit(s), 0 error(s), 1 left on base; San Francisco 0 - Jersey Shore 1
TOP OF THE 2ND
San Francisco Bandits batting - Pitching for Jersey Shore D-Bags : RHP Roland Martin
Batting: LHB Mario García 0-0: SINGLE (Groundball, 6D)
Batting: RHB Glenn Melican 0-0: Ball
1-0: Ball
2-0: Swinging Strike
2-1: SINGLE (Groundball, 56D)
Mario García to second
Batting: LHB Anacleto Morillo 0-0: Ball
1-0: Ball
2-0: Foul Ball, location: 2F
2-1: Ball
3-1: Called Strike
3-2: Base on Balls
Mario García to third
Glenn Melican to second
Batting: RHB Scott Merritt 0-0: Ball
1-0: DOUBLE (Line Drive, 78M)
Mario García scores
Glenn Melican scores
Anacleto Morillo to third
Runner from 3rd tries for Home, throw and OUT!
Scott Merritt to third
Batting: RHB Ramón Ruíz 0-0: Foul Ball, location: 2F
0-1: Foul Ball, location: 2F
0-2: Foul Ball, location: 2F
0-2: Ball
1-2: Strikes out swinging
Batting: LHB Alberto Gómez 0-0: Called Strike
0-1: Foul Ball, location: 2F
0-2: Foul Ball, location: 2F
0-2: Ball
1-2: Strikes out looking
Top of the 2nd over - 2 run(s), 3 hit(s), 0 error(s), 1 left on base; San Francisco 2 - Jersey Shore 1
BOTTOM OF THE 2ND
Jersey Shore D-Bags batting - Pitching for San Francisco Bandits : RHP Fernando Llama
Batting: RHB Ben Morton 0-0: Ball
1-0: Called Strike
1-1: Ball
2-1: Fly out, F9 (Line Drive, 9LM)
Batting: LHB António Cedeño 0-0: Ball
1-0: Called Strike
1-1: Foul Ball, location: 2F
1-2: SINGLE (Line Drive, 4D)
Batting: LHB Juan Hernández 0-0: Foul Ball, location: 2F
0-1: Ball
1-1: Called Strike
1-2: SINGLE (Line Drive, 8LS)
António Cedeño to second
Batting: RHB Eugenio Lucero 0-0: Grounds into double play, 6-4-3 (Groundball, 6)
Bottom of the 2nd over - 0 run(s), 2 hit(s), 0 error(s), 1 left on base; San Francisco 2 - Jersey Shore 1
TOP OF THE 3RD
San Francisco Bandits batting - Pitching for Jersey Shore D-Bags : RHP Roland Martin
Batting: RHB Raúl Bruno 0-0: Ball
1-0: Ball
2-0: Foul Ball, location: 2F
2-1: Ball
3-1: Fly out, F9 (Line Drive, 9)
Batting: LHB Seung-woo Yi 0-0: Swinging Strike
0-1: Foul Ball, location: 2F
0-2: Strikes out swinging
Batting: RHB Owen Carter 0-0: Ball
1-0: Called Strike
1-1: Swinging Strike
1-2: Ball
2-2: Ball
3-2: Ground out 6-3 (Groundball, 6)
Top of the 3rd over - 0 run(s), 0 hit(s), 0 error(s), 0 left on base; San Francisco 2 - Jersey Shore 1
BOTTOM OF THE 3RD
Jersey Shore D-Bags batting - Pitching for San Francisco Bandits : RHP Fernando Llama
Batting: LHB Ed Murray 0-0: Ball
1-0: Ground out 4-3 (Groundball, 4D)
Batting: RHB Millard Boyd 0-0: Ball
1-0: Foul Ball, location: 2F
1-1: Ball
2-1: Ball
3-1: Foul Ball, location: 2F
3-2: Strikes out swinging
Batting: LHB Dave Dodd 0-0: SINGLE (Groundball, 6) (infield hit)
Batting: RHB Miguel Serna 0-0: Called Strike
Dave Dodd steals 2nd base
0-1: Swinging Strike
0-2: Ball
1-2: Foul Ball, location: 2F
1-2: Ball
2-2: Foul Ball, location: 2F
2-2: Foul Ball, location: 2F
2-2: Ball
3-2: Ground out U3 (Groundball, 34)
Bottom of the 3rd over - 0 run(s), 1 hit(s), 0 error(s), 1 left on base; San Francisco 2 - Jersey Shore 1
TOP OF THE 4TH
San Francisco Bandits batting - Pitching for Jersey Shore D-Bags : RHP Roland Martin
Batting: LHB Mario García 0-0: Ball
1-0: Called Strike
1-1: Ball
2-1: Ball
3-1: Called Strike
3-2: Foul Ball, location: 2F
3-2: Foul Ball, location: 2F
3-2: Base on Balls
Batting: RHB Glenn Melican 0-0: Called Strike
0-1: Grounds into double play, 6-4-3 (Groundball, 6)
Batting: LHB Anacleto Morillo 0-0: Ball
1-0: Called Strike
1-1: SINGLE (Groundball, 4MD)
Batting: RHB Scott Merritt 0-0: Ball
1-0: SINGLE (Flyball, 7S)
Anacleto Morillo to second
Batting: RHB Ramón Ruíz 0-0: Called Strike
0-1: Ball
1-1: Ball
2-1: Foul Ball, location: 2F
2-2: SINGLE (Line Drive, 56D)
Anacleto Morillo to third
Scott Merritt to second
Runner from 3rd tries for Home, throw and OUT!
Top of the 4th over - 0 run(s), 3 hit(s), 0 error(s), 2 left on base; San Francisco 2 - Jersey Shore 1
BOTTOM OF THE 4TH
Jersey Shore D-Bags batting - Pitching for San Francisco Bandits : RHP Fernando Llama
Batting: LHB Pat Zimmerman 0-0: Ball
1-0: Ball
2-0: Ball
3-0: Base on Balls
Batting: RHB Ben Morton 0-0: Fly out, F8 (Flyball, 8LS)
Batting: LHB António Cedeño 0-0: Called Strike
0-1: Foul Ball, location: 2F
0-2: Ball
1-2: Fly out, F8 (Flyball, 89M)
Batting: LHB Juan Hernández 0-0: SINGLE (Line Drive, 34)
Pat Zimmerman to second
Batting: RHB Eugenio Lucero 0-0: Ball
1-0: Ball
2-0: Foul Ball, location: 2F
2-1: DOUBLE (Line Drive, 9D)
Pat Zimmerman scores
Juan Hernández to third
Runner from 3rd tries for Home, SAFE, no throw
Batting: LHB Ed Murray 0-0: Ball
1-0: Ground out 6-3 (Groundball, 6D)
Bottom of the 4th over - 2 run(s), 2 hit(s), 0 error(s), 1 left on base; San Francisco 2 - Jersey Shore 3
TOP OF THE 5TH
San Francisco Bandits batting - Pitching for Jersey Shore D-Bags : RHP Roland Martin
Batting: LHB Alberto Gómez 0-0: Ball
1-0: Foul Ball, location: 2F
1-1: DOUBLE (Flyball, 78XD)
Batting: RHB Raúl Bruno 0-0: Fly out, F3 (Line Drive, 34)
Batting: LHB Seung-woo Yi 0-0: Ball
1-0: 2-RUN HOME RUN (Line Drive, 9LD), Distance : 358 ft
Batting: RHB Owen Carter 0-0: Ball
1-0: Ball
2-0: Swinging Strike
2-1: Ball
3-1: DOUBLE (Flyball, 8RD)
Batting: LHB Mario García 0-0: Intentional Walk
Batting: RHB Glenn Melican 0-0: Called Strike
0-1: Called Strike
0-2: Ball
1-2: Ball
2-2: Ground out 5-3 (Groundball, 56S)
Owen Carter to third
Mario García to second
Batting: LHB Anacleto Morillo 0-0: Intentional Walk
Batting: RHB Scott Merritt 0-0: Fly out, F4 (Popup, 4D)
Top of the 5th over - 2 run(s), 3 hit(s), 0 error(s), 3 left on base; San Francisco 4 - Jersey Shore 3
BOTTOM OF THE 5TH
Jersey Shore D-Bags batting - Pitching for San Francisco Bandits : RHP Fernando Llama
Batting: RHB Millard Boyd 0-0: Ball
1-0: Foul Ball, location: 2F
1-1: Ball
2-1: Foul Ball, location: 2F
2-2: Ball
3-2: Foul Ball, location: 2F
3-2: Ground out 6-3 (Groundball, 6)
Batting: LHB Dave Dodd 0-0: Ball
1-0: Swinging Strike
1-1: Ball
2-1: SINGLE (Groundball, 4MD)
Batting: RHB Miguel Serna 0-0: Called Strike
0-1: Ball
1-1: SINGLE (Line Drive, 6MD)
Dave Dodd to second
Batting: LHB Pat Zimmerman 0-0: Swinging Strike
0-1: Ball
1-1: Swinging Strike
1-2: Ball
2-2: Fly out, F8 (Flyball, 8LD)
Runner from 2nd tags up, SAFE at 3rd, no throw
Batting: RHB Ben Morton 0-0: Called Strike
Miguel Serna steals 2nd base
0-1: Ground out 5-3 (Groundball, 2L)
Bottom of the 5th over - 0 run(s), 2 hit(s), 0 error(s), 2 left on base; San Francisco 4 - Jersey Shore 3
TOP OF THE 6TH
San Francisco Bandits batting - Pitching for Jersey Shore D-Bags : RHP Roland Martin
Batting: RHB Ramón Ruíz 0-0: Called Strike
0-1: Foul Ball, location: 2F
0-2: Ball
1-2: Ball
2-2: Foul Ball, location: 2F
2-2: Strikes out swinging
Batting: LHB Alberto Gómez 0-0: Ball
1-0: Ball
2-0: Called Strike
2-1: Ground out 6-3 (Groundball, 6)
Batting: RHB Raúl Bruno 0-0: Ball
1-0: Ball
2-0: Ground out 5-3 (Groundball, 56S)
Top of the 6th over - 0 run(s), 0 hit(s), 0 error(s), 0 left on base; San Francisco 4 - Jersey Shore 3
BOTTOM OF THE 6TH
Jersey Shore D-Bags batting - Pitching for San Francisco Bandits : RHP Fernando Llama
Batting: LHB António Cedeño 0-0: Ball
1-0: SOLO HOME RUN (Flyball, 9D), Distance : 378 ft
Batting: LHB Juan Hernández 0-0: Called Strike
0-1: SINGLE (Line Drive, 7LS)
Batting: RHB Eugenio Lucero 0-0: DOUBLE (Line Drive, 7D)
Juan Hernández to third
Runner from 3rd tries for Home, SAFE, no throw
Batting: LHB Ed Murray 0-0: Ball
1-0: SINGLE (Groundball, 6MD)
Eugenio Lucero to third
Runner from 3rd tries for Home, SAFE, no throw
Pitching: RHP Carlos Ledezma
Batting: RHB Millard Boyd 0-0: Ball
1-0: Ball
2-0: Called Strike
2-1: Swinging Strike
2-2: Ball
3-2: Grounds into double play, 6-4-3 (Groundball, 6)
Batting: LHB Dave Dodd 0-0: Called Strike
0-1: Ball
1-1: Ball
2-1: Ball
3-1: Base on Balls
Batting: RHB Miguel Serna 0-0: Swinging Strike
Dave Dodd steals 2nd base
0-1: Foul Ball, location: 2F
0-2: Ball
1-2: Ball
2-2: Strikes out swinging
Bottom of the 6th over - 3 run(s), 4 hit(s), 0 error(s), 1 left on base; San Francisco 4 - Jersey Shore 6
TOP OF THE 7TH
San Francisco Bandits batting - Pitching for Jersey Shore D-Bags : RHP Roland Martin
Batting: LHB Seung-woo Yi 0-0: Foul Ball, location: 2F
0-1: Ball
1-1: Ground out 6-3 (Groundball, 6MS)
Batting: RHB Owen Carter 0-0: Foul Ball, location: 2F
0-1: Ball
1-1: SINGLE (Groundball, 4MD)
Batting: LHB Mario García 0-0: SINGLE (Line Drive, 8RS)
Owen Carter to second
Pitching: RHP Cristóbal Santos
Pinch Hitting: RHB Michael Elliott 0-0: Ball
1-0: Called Strike
1-1: Ball
2-1: Called Strike
2-2: Strikes out swinging
Batting: LHB Anacleto Morillo 0-0: Swinging Strike
0-1: Ball
1-1: SINGLE (Groundball, 34D)
Owen Carter to third
Mario García to second
Runner from 3rd tries for Home, SAFE, no throw
Batting: RHB Scott Merritt 0-0: Ball
1-0: Ball
2-0: Swinging Strike
2-1: Swinging Strike
2-2: Ball
3-2: Foul Ball, location: 2F
3-2: Strikes out swinging
Top of the 7th over - 1 run(s), 3 hit(s), 0 error(s), 2 left on base; San Francisco 5 - Jersey Shore 6
BOTTOM OF THE 7TH
Jersey Shore D-Bags batting - Pitching for San Francisco Bandits : RHP Carlos Ledezma
Now at 3B: Gustavo Ortíz
Batting: LHB Pat Zimmerman 0-0: Ground out U3 (Groundball, 3)
Batting: RHB Ben Morton 0-0: Ball
1-0: SINGLE (Line Drive, 8LS)
Batting: LHB António Cedeño 0-0: Foul Ball, location: 2F
0-1: Ball
Pickoff Throw to First - Out!
1-1: Ball
2-1: Called Strike
2-2: Fly out, F8 (Flyball, 8LD)
Bottom of the 7th over - 0 run(s), 1 hit(s), 0 error(s), 0 left on base; San Francisco 5 - Jersey Shore 6
TOP OF THE 8TH
San Francisco Bandits batting - Pitching for Jersey Shore D-Bags : RHP Cristóbal Santos
Pitching: RHP Paco Gutiérrez
Batting: RHB Ramón Ruíz 0-0: Ball
1-0: SINGLE (Flyball, 89S)
Pitching: LHP Ramón Ruíz
Batting: LHB Alberto Gómez 0-0: Foul Ball, location: 2F
0-1: Ball
1-1: Ball
2-1: Foul Ball, location: 2F
2-2: Strikes out swinging
Pitching: RHP John Hall
Batting: RHB Raúl Bruno 0-0: Called Strike
0-1: Swinging Strike
0-2: Ball
1-2: Fly out, F7 (Line Drive, 7)
Batting: LHB Seung-woo Yi 0-0: Called Strike
0-1: Swinging Strike
0-2: Ball
1-2: Strikes out looking
Top of the 8th over - 0 run(s), 1 hit(s), 0 error(s), 1 left on base; San Francisco 5 - Jersey Shore 6
BOTTOM OF THE 8TH
Jersey Shore D-Bags batting - Pitching for San Francisco Bandits : RHP Carlos Ledezma
Batting: LHB Juan Hernández 0-0: Ball
1-0: Ground out 4-3 (Groundball, 34D)
Batting: RHB Eugenio Lucero 0-0: Ball
1-0: Foul Ball, location: 2F
1-1: Foul Ball, location: 2F
1-2: Ground out 6-3 (Groundball, 6)
Batting: LHB Ed Murray 0-0: Ball
1-0: DOUBLE (Line Drive, 8RM)
Pinch Hitting: LHB Albert Morgan 0-0: Fly out, F9 (Flyball, 9)
Bottom of the 8th over - 0 run(s), 1 hit(s), 0 error(s), 1 left on base; San Francisco 5 - Jersey Shore 6
TOP OF THE 9TH
San Francisco Bandits batting - Pitching for Jersey Shore D-Bags : RHP John Hall
Pitching: LHP Gerald Johnson
Now at SS: Tetsunori Ito
Batting: RHB Owen Carter 0-0: Called Strike
0-1: Foul Ball, location: 2F
0-2: Hit by Pitch
Pinch Hitting: RHB Juan Mendoza 0-0: Called Strike
0-1: Called Strike
0-2: Ball
1-2: Foul Ball, location: 2F
1-2: Ball
2-2: Strikes out swinging
Batting: RHB Gustavo Ortíz 0-0: Ball
1-0: Called Strike
1-1: Swinging Strike
1-2: Fly out, F9 (Flyball, 9LM)
Batting: LHB Anacleto Morillo 0-0: Swinging Strike
0-1: Ball
1-1: Ball
2-1: Called Strike
2-2: Foul Ball, location: 2F
2-2: Foul Ball, location: 2F
2-2: Foul Ball, location: 2F
2-2: Ball
3-2: SINGLE (Groundball, 3S) (infield hit)
Owen Carter to second
Batting: RHB Scott Merritt 0-0: 3-RUN HOME RUN (Flyball, 7D), Distance : 382 ft
Batting: RHB Ramón Ruíz 0-0: Reached via error on a dropped throw, E3
Batting: LHB Alberto Gómez 0-0: Ball
1-0: Swinging Strike
1-1: Foul Ball, location: 2F
1-2: Strikes out swinging
Top of the 9th over - 3 run(s), 2 hit(s), 1 error(s), 1 left on base; San Francisco 8 - Jersey Shore 6
BOTTOM OF THE 9TH
Jersey Shore D-Bags batting - Pitching for San Francisco Bandits : RHP Carlos Ledezma
Pitching: RHP Mitsunari Taguchi
Now in RF: Juan Mendoza
Batting: LHB Dave Dodd 0-0: Ball
1-0: Foul Ball, location: 2F
1-1: Ball
2-1: Called Strike
2-2: SINGLE (Line Drive, 78S)
Batting: RHB Miguel Serna 0-0: Ball
1-0: Ball
2-0: Foul Ball, location: 2F
2-1: Fly out, F9 (Flyball, 9S)
Batting: LHB Pat Zimmerman 0-0: Ball
1-0: Foul Ball, location: 2F
1-1: TRIPLE (Groundball, 5L)
Dave Dodd scores
Batting: RHB Ben Morton 0-0: Swinging Strike
0-1: Ball
1-1: Swinging Strike
1-2: Foul Ball, location: 2F
1-2: Foul Ball, location: 2F
1-2: Fly out, F8 (Flyball, 8RS)
Runner from 3rd tags up, SCORES, throw made
Batting: LHB António Cedeño 0-0: Ball
1-0: Called Strike
1-1: Fly out, F7 (Flyball, 7S)
Bottom of the 9th over - 2 run(s), 2 hit(s), 0 error(s), 0 left on base; San Francisco 8 - Jersey Shore 8
TOP OF THE 10TH
San Francisco Bandits batting - Pitching for Jersey Shore D-Bags : LHP Gerald Johnson
Batting: RHB Raúl Bruno 0-0: Ball
1-0: Fly out, F8 (Flyball, 8RM)
Batting: LHB Seung-woo Yi 0-0: Swinging Strike
0-1: Swinging Strike
0-2: Ball
1-2: Strikes out swinging
Batting: RHB Owen Carter 0-0: Ball
1-0: Ball
2-0: Foul Ball, location: 2F
2-1: Ball
3-1: Base on Balls
Pitching: RHP Barry Garner
Batting: RHB Juan Mendoza 0-0: Called Strike
0-1: Ball
1-1: Swinging Strike
1-2: Strikes out swinging
Top of the 10th over - 0 run(s), 0 hit(s), 0 error(s), 1 left on base; San Francisco 8 - Jersey Shore 8
BOTTOM OF THE 10TH
Jersey Shore D-Bags batting - Pitching for San Francisco Bandits : RHP Mitsunari Taguchi
Batting: LHB Juan Hernández 0-0: Swinging Strike
0-1: SINGLE (Line Drive, 6M)
Batting: RHB Eugenio Lucero 0-0: Ball
1-0: Ball
Juan Hernández steals 2nd base
2-0: Sac Bunt - play at first, batter OUT! 1-4
Juan Hernández to third
Batting: LHB Ed Murray 0-0: Intentional Walk
Batting: RHB Tetsunori Ito 0-0: Ball
1-0: Called Strike
1-1: Swinging Strike
1-2: Strikes out looking
Batting: LHB Dave Dodd 0-0: Swinging Strike
0-1: Swinging Strike
0-2: Ball
1-2: Fly out, F7 (Flyball, 7S)
Bottom of the 10th over - 0 run(s), 1 hit(s), 0 error(s), 2 left on base; San Francisco 8 - Jersey Shore 8
TOP OF THE 11TH
San Francisco Bandits batting - Pitching for Jersey Shore D-Bags : RHP Barry Garner
Batting: RHB Gustavo Ortíz 0-0: Swinging Strike
0-1: Ball
1-1: Ball
2-1: Ground out 1-3 (Groundball, 13)
Batting: LHB Anacleto Morillo 0-0: Fly out, F9 (Line Drive, 9D)
Batting: RHB Scott Merritt 0-0: Ground out 6-3 (Groundball, 6)
Top of the 11th over - 0 run(s), 0 hit(s), 0 error(s), 0 left on base; San Francisco 8 - Jersey Shore 8
BOTTOM OF THE 11TH
Jersey Shore D-Bags batting - Pitching for San Francisco Bandits : RHP Mitsunari Taguchi
Pitching: RHP Mal Park
Batting: RHB Miguel Serna 0-0: Called Strike
0-1: Ball
1-1: Foul Ball, location: 2F
1-2: Ball
2-2: Foul Ball, location: 2F
2-2: Foul Ball, location: 2F
2-2: Strikes out looking
Batting: LHB Pat Zimmerman 0-0: Ground out 1-3 (Groundball, 13)
Batting: RHB Ben Morton 0-0: DOUBLE (Line Drive, 7LD)
Batting: LHB António Cedeño 0-0: Ball
1-0: Ball
2-0: Swinging Strike
2-1: Ball
3-1: Base on Balls
Pitching: RHP Alfonso Martínez
Pinch Runner at 2nd Luis Ríos:
Batting: LHB Juan Hernández 0-0: Ball
1-0: Ball
2-0: Called Strike
2-1: Ground out 5-3 (Groundball, 56S)
Bottom of the 11th over - 0 run(s), 1 hit(s), 0 error(s), 2 left on base; San Francisco 8 - Jersey Shore 8
TOP OF THE 12TH
San Francisco Bandits batting - Pitching for Jersey Shore D-Bags : RHP Barry Garner
Now at C: Luis Ríos
Batting: RHB Ramón Ruíz 0-0: Foul Ball, location: 2F
0-1: Foul Ball, location: 2F
0-2: Reached on error, E6 (Groundball, 56)
Batting: LHB Alberto Gómez 0-0: Swinging Strike
0-1: Foul Ball, location: 2F
0-2: Foul Ball, location: 2F
0-2: Strikes out looking
Batting: RHB Raúl Bruno 0-0: Ball
1-0: Grounds into double play, 1-6-3 (Groundball, 13)
Top of the 12th over - 0 run(s), 0 hit(s), 1 error(s), 0 left on base; San Francisco 8 - Jersey Shore 8
BOTTOM OF THE 12TH
Jersey Shore D-Bags batting - Pitching for San Francisco Bandits : RHP Alfonso Martínez
Batting: RHB Eugenio Lucero 0-0: Ground out 4-3 (Groundball, 4S)
Batting: LHB Ed Murray 0-0: Swinging Strike
0-1: Ground out 4-3 (Groundball, 4)
Batting: RHB Tetsunori Ito 0-0: Foul Ball, location: 2F
0-1: Called Strike
0-2: Foul Ball, location: 2F
0-2: Strikes out looking
Bottom of the 12th over - 0 run(s), 0 hit(s), 0 error(s), 0 left on base; San Francisco 8 - Jersey Shore 8
TOP OF THE 13TH
San Francisco Bandits batting - Pitching for Jersey Shore D-Bags : RHP Barry Garner
Batting: LHB Seung-woo Yi 0-0: Called Strike
0-1: Ball
1-1: Swinging Strike
1-2: SINGLE (Flyball, 7S)
Batting: RHB Owen Carter 0-0: Called Strike
0-1: Foul Ball, location: 2F
0-2: Ball
1-2: Foul Ball, location: 2F
1-2: Strikes out looking
Batting: RHB Juan Mendoza 0-0: Ball
1-0: Ball
2-0: Foul Ball, location: 2F
2-1: Ball
3-1: Base on Balls
Seung-woo Yi to second
Batting: RHB Gustavo Ortíz 0-0: Called Strike
0-1: Foul Ball, location: 2F
0-2: Strikes out looking
Batting: LHB Anacleto Morillo 0-0: Ball
1-0: Called Strike
1-1: Swinging Strike
Passed Ball!
Seung-woo Yi to third
Juan Mendoza to second
1-2: Ball
2-2: Ball
3-2: Intentional Walk
Batting: RHB Scott Merritt 0-0: Ball
1-0: Reached via error on a dropped throw, E6
Seung-woo Yi scores
Juan Mendoza to third
Anacleto Morillo to second
Batting: RHB Ramón Ruíz 0-0: Ball
1-0: Ball
2-0: Ball
3-0: Foul Ball, location: 2F
3-1: Base on Balls
Juan Mendoza scores
Anacleto Morillo to third
Scott Merritt to second
Batting: LHB Alberto Gómez 0-0: Ball
1-0: SINGLE (Flyball, 8LS)
Anacleto Morillo scores
Scott Merritt to third
Ramón Ruíz to second
Runner from 3rd tries for Home, SAFE, no throw
Batting: RHB Raúl Bruno 0-0: Called Strike
0-1: Ball
1-1: Fly out, F8 (Flyball, 8LS)
Top of the 13th over - 4 run(s), 2 hit(s), 1 error(s), 2 left on base; San Francisco 12 - Jersey Shore 8
BOTTOM OF THE 13TH
Jersey Shore D-Bags batting - Pitching for San Francisco Bandits : RHP Alfonso Martínez
Batting: LHB Dave Dodd 0-0: Ball
1-0: Ball
2-0: Foul Ball, location: 2F
2-1: Swinging Strike
2-2: Strikes out swinging
Batting: RHB Miguel Serna 0-0: Ball
1-0: Ball
2-0: Fly out, F7 (Flyball, 78D)
Batting: LHB Pat Zimmerman 0-0: Called Strike
0-1: SOLO HOME RUN (Flyball, 78XD), Distance : 397 ft
Batting: RHB Luis Ríos 0-0: Ground out 6-3 (Groundball, 6S)
Bottom of the 13th over - 1 run(s), 1 hit(s), 0 error(s), 0 left on base; San Francisco 12 - Jersey Shore 9
Tuesday, August 8th, 2017 - OOTP Baseball 17.12 Build 75